 Dungeon Crawl Stone Soup version 0.18.1-5-g4a78601 (webtiles) character file.

147 shmeve the Sneak (level 5, 39/41 HPs)
             Began as a Vampire Berserker on May 12, 2016.
             Was a Believer of Trog.
             Quit the game on level 2 of the Dungeon on May 13, 2016.
             The game lasted 00:03:33 (1392 turns).

shmeve the Sneak (Vampire Berserker)                Turns: 1392, Time: 00:03:34

Health: 39/41      AC:  3    Str: 17    XL:     5   Next: 7%
Magic:  5/5        EV: 13    Int: 10    God:    Trog [**....]
Gold:   24         SH:  0    Dex: 13    Spells: 0 memorised, 4 levels left

rFire  . . .     SeeInvis +     a - +0 hand axe
rCold  . . .     Gourm    .     b - +0 animal skin
rNeg   . . .     Faith    .     (no shield)
rPois  .         Spirit   .     (no helmet)
rElec  .         Dismiss  .     (no cloak)
rCorr  .         Reflect  .     h - +0 pair of gloves
SustAt .         Harm     .     (no boots)
MR     .....                    (no amulet)
Stlth  +++.......               (no ring)
                                (no ring)

@: regenerating quickly, not resistant to hostile enchantments, fairly stealthy
A: fangs 3, see invisible, unbreathing
a: Berserk, Trog's Hand, Burn Spellbooks, Renounce Religion


You were on level 2 of the Dungeon.
You worshipped Trog.
Trog was pleased with you.
You were very full.

You visited 1 branch of the dungeon, and saw 2 of its levels.

You collected 24 gold pieces.

Inventory:

Hand Weapons
 a - a +0 hand axe (weapon)
Armour
 b - a +0 animal skin (worn)
 h - a +0 pair of gloves (worn)
Scrolls
 d - 6 scrolls of identify {unknown}
 f - a scroll of immolation {unknown}
 g - a scroll of random uselessness {unknown}
 i - a scroll of remove curse {unknown}
 k - a scroll of teleportation {unknown}
Potions
 c - 2 potions of blood
 e - 2 potions of curing {unknown}
 j - a potion of mutation {unknown}
 l - 4 potions of flight {unknown}


   Skills:
 * Level 3.4 Fighting
 * Level 3.4 Axes
 + Level 2.0 Armour
 * Level 3.1 Dodging
 * Level 3.4 Stealth


You had 4 spell levels left.
You didn't know any spells.

Dungeon Overview and Level Annotations

Branches:
Dungeon (2/15)

Altars:


Innate Abilities, Weirdness & Mutations

Your natural rate of healing is unusually fast.
You have razor-sharp teeth.
You have supernaturally acute eyesight.
You can survive without breathing.


Message History

You hit the worm.
You kill the worm!
Trog accepts your kill.
Found a ruby potion.
Found a stone staircase leading up.
l - 4 ruby potions (gained 1)
A bat comes into view.
Found 20 sling bullets.
A bat is nearby!
You barely miss the bat. Your bite misses the bat. The bat barely misses you.
The bat hits you but does no damage. The bat barely misses you.
The bat hits you. The bat closely misses you. The bat misses you.
The bat barely misses you. The bat misses you. The bat misses you.
The bat hits you but does no damage. The bat completely misses you.
Are you sure you want to abandon this character and quit the game? (Confirm with "yes".)

#.# #####♣.♣
..#########.......
................# #########
.#........#..#### #........
............#######.?.(....
.....................$.....
....................####.##
#..........##.(##..##
#..........#..b.@...##
##...................#
.....................#
...........#........##
...........#........##
.................>...#
.....................#
...........#........##
..........###..##..##


You could see a bat.

Vanquished Creatures
  Natasha (thrice) (D:2)
  2 adders (D:2)
  An ooze (D:1)
  4 worms (D:2)
  A dart slug (D:2)
  4 bats
  6 hobgoblins
  4 jackals (D:2)
  2 ball pythons (D:1)
  4 giant newts (D:2)
  4 goblins
  4 kobolds
39 creatures vanquished.

Notes
Turn   | Place    | Note
--------------------------------------------------------------
     0 | D:1      | shmeve the Vampire Berserker began the quest for the Orb.
     0 | D:1      | Reached XP level 1. HP: 17/17 MP: 1/1
    97 | D:1      | Reached skill level 1 in Stealth
    97 | D:1      | Reached XP level 2. HP: 20/23 MP: 2/2
   756 | D:2      | Reached ** piety under Trog
   784 | D:2      | Noticed Natasha
   793 | D:2      | Killed Natasha
   793 | D:2      | Reached XP level 3. HP: 29/29 MP: 3/3
   800 | D:2      | Reached XP level 4. HP: 35/35 MP: 4/4
   808 | D:2      | Noticed Natasha
   834 | D:2      | Killed Natasha
  1096 | D:2      | Noticed Natasha
  1107 | D:2      | Killed Natasha
  1146 | D:2      | Reached XP level 5. HP: 7/41 MP: 5/5
  1392 | D:2      | Quit the game

Skill      XL: |  1  2  3  4 |
---------------+-------------+-----
Stealth        | 1 2 3 |  3.4
Fighting       | 3 |  3.4
Axes           | 3 |  3.4
Dodging        | 3 |  3.1
Armour         | 2 |  2.0

Action                   |  1- 3 |  4- 6 || total
-------------------------+-------+-------++-------
Melee: Hand axe          |    53 |    72 ||   125
       Bite              |     5 |     5 ||    10
Invok: Trog's Hand       |     1 |     1 ||     2
       Berserk           |     1 |       ||     1
 Stab: Sleeping          |     2 |       ||     2
  Eat: Corpse            |     4 |     7 ||    11
Armor: Animal skin       |    19 |    25 ||    44
Dodge: Dodged            |    40 |    85 ||   125
